| TOP OF THE 1ST |
|
Clinton LumberKings batting - Pitching for Quad Cities River Bandits : RHP Manny Bonilla
|
|
Pitching: RHP Manny Bonilla
|
|
|
Batting: RHB Kikuo Sato
|
0-0: Swinging Strike 0-1: Foul Ball, location: 2F 0-2: Ball 1-2: Strikes out swinging
|
|
Batting: RHB Rick Ellis
|
0-0: Foul Ball, location: 2F 0-1: SINGLE (Line Drive, 7S, EV 97.5 MPH)
|
|
Batting: RHB Josh Ruhl
|
Pickoff Throw to First - Out! 1-3 0-0: Ball 1-0: Ball 2-0: Ground out 6-3 (Groundball, 6, EV 86.3 MPH)
|
| Top of the 1st over - 0 runs, 1 hit, 0 errors, 0 left on base; Clinton 0 - Quad Cities 0 |
| BOTTOM OF THE 1ST |
|
Quad Cities River Bandits batting - Pitching for Clinton LumberKings : RHP Kyle Ridgeway
|
|
Pitching: RHP Kyle Ridgeway
|
|
|
Batting: LHB Kelvin Jones
|
0-0: Foul Ball, location: 2F 0-1: Swinging Strike 0-2: Strikes out swinging
|
|
Batting: LHB Doug Anderson
|
0-0: Foul Ball, location: 2F 0-1: Ball 1-1: Ball 2-1: Ball 3-1: Base on Balls
|
|
Batting: SHB Troy Kenyon
|
0-0: Fielders Choice at 2nd, 2-4 (Groundball, 15S, EV 66.9 MPH)
|
|
Batting: LHB Angelo Vasquez
|
0-0: Ball 1-0: Ball 2-0: Ball 3-0: Base on Balls Troy Kenyon to second
|
|
Batting: RHB Pete Isley
|
0-0: Called Strike 0-1: Ball 1-1: Ball 2-1: Foul Ball, location: 2F 2-2: Strikes out swinging
|
| Bottom of the 1st over - 0 runs, 0 hits, 0 errors, 2 left on base; Clinton 0 - Quad Cities 0 |
| TOP OF THE 2ND |
|
Clinton LumberKings batting - Pitching for Quad Cities River Bandits : RHP Manny Bonilla
|
|
Batting: LHB Jason Hopkins
|
0-0: Fly out, F8 (Flyball, 89S, EV 90.0 MPH)
|
|
Batting: RHB Joe Stading
|
0-0: Called Strike 0-1: Ball 1-1: Ball 2-1: Ground out 6-3 (Groundball, 6, EV 91.3 MPH)
|
|
Batting: SHB Jose Castillo
|
0-0: Called Strike 0-1: Ball 1-1: Ball 2-1: Foul Ball, location: 2F 2-2: Ball 3-2: Base on Balls
|
|
Batting: RHB Josh O'Neal
|
0-0: Ball Jose Castillo is caught stealing 2nd base 2-4
|
| Top of the 2nd over - 0 runs, 0 hits, 0 errors, 0 left on base; Clinton 0 - Quad Cities 0 |
| BOTTOM OF THE 2ND |
|
Quad Cities River Bandits batting - Pitching for Clinton LumberKings : RHP Kyle Ridgeway
|
|
Batting: SHB Paskar Adegoke
|
0-0: Called Strike 0-1: Ball 1-1: Ball 2-1: Ball 3-1: Fly out, F9 (Flyball, 89S, EV 89.4 MPH)
|
|
Batting: RHB Joe Cook
|
0-0: Foul Ball, location: 2F 0-1: Called Strike 0-2: Foul Ball, location: 2F 0-2: Strikes out swinging
|
|
Batting: RHB Colin Cranford
|
0-0: SINGLE (Line Drive, 8RS, EV 90.6 MPH)
|
|
Batting: RHB Steve Moore
|
0-0: Ball Colin Cranford is caught stealing 2nd base 2-4
|
| Bottom of the 2nd over - 0 runs, 1 hit, 0 errors, 0 left on base; Clinton 0 - Quad Cities 0 |
| TOP OF THE 3RD |
|
Clinton LumberKings batting - Pitching for Quad Cities River Bandits : RHP Manny Bonilla
|
|
Batting: RHB Josh O'Neal
|
0-0: Called Strike 0-1: Foul Ball, location: 2F 0-2: Foul Ball, location: 2F 0-2: Strikes out looking
|
|
Batting: RHB Salvador Avina
|
0-0: Ball 1-0: Ball 2-0: Foul Ball, location: 2F 2-1: Ball 3-1: Base on Balls
|
|
Batting: LHB Brian Butler
|
0-0: Fielders Choice at 2nd, 6-4 (Groundball, 6M, EV 102.5 MPH)
|
|
Batting: RHB Kikuo Sato
|
0-0: Called Strike Brian Butler steals 2nd base 0-1: Ball 1-1: Ball 2-1: Ball 3-1: Foul Ball, location: 2F 3-2: Strikes out swinging
|
| Top of the 3rd over - 0 runs, 0 hits, 0 errors, 1 left on base; Clinton 0 - Quad Cities 0 |
| BOTTOM OF THE 3RD |
|
Quad Cities River Bandits batting - Pitching for Clinton LumberKings : RHP Kyle Ridgeway
|
|
Batting: RHB Steve Moore
|
0-0: Called Strike 0-1: Ball 1-1: Foul Ball, location: 2F 1-2: Ball 2-2: Foul Ball, location: 2F 2-2: Strikes out swinging
|
|
Batting: LHB Kelvin Jones
|
0-0: Called Strike 0-1: Ground out 6-3 (Groundball, 6, EV 106.3 MPH)
|
|
Batting: LHB Doug Anderson
|
0-0: Ball 1-0: Ball 2-0: Foul Ball, location: 2F 2-1: Ball 3-1: Base on Balls
|
|
Batting: SHB Troy Kenyon
|
0-0: Ball Doug Anderson steals 2nd base 1-0: Ball 2-0: Ball 3-0: Base on Balls
|
|
Batting: LHB Angelo Vasquez
|
0-0: Foul Ball, location: 2F 0-1: Called Strike 0-2: Foul Ball, location: 2F 0-2: Ball 1-2: Foul Ball, location: 2F 1-2: DOUBLE (Line Drive, 7LS, EV 99.4 MPH) Doug Anderson scores Troy Kenyon to third Runner from 3rd tries for Home, SAFE, no throw by LF
|
|
Batting: RHB Pete Isley
|
0-0: Ball 1-0: Ball 2-0: Swinging Strike 2-1: Foul Ball, location: 2F 2-2: Ball 3-2: Base on Balls
|
|
Batting: SHB Paskar Adegoke
|
0-0: Ground out 4-3 (Groundball, 4D, EV 102.5 MPH)
|
| Bottom of the 3rd over - 2 runs, 1 hit, 0 errors, 2 left on base; Clinton 0 - Quad Cities 2 |
| TOP OF THE 4TH |
|
Clinton LumberKings batting - Pitching for Quad Cities River Bandits : RHP Manny Bonilla
|
|
Batting: RHB Rick Ellis
|
0-0: Called Strike 0-1: Ground out U3 (Groundball, 34, EV 83.1 MPH)
|
|
Batting: RHB Josh Ruhl
|
0-0: Ball 1-0: Called Strike 1-1: Foul Ball, location: 2F 1-2: Ball 2-2: Ball 3-2: Base on Balls
|
|
Batting: LHB Jason Hopkins
|
0-0: Ball 1-0: Fielders Choice at 2nd, 4-6 (Groundball, 4D, EV 104.4 MPH)
|
|
Batting: RHB Joe Stading
|
0-0: Foul Ball, location: 2F 0-1: Foul Ball, location: 2F 0-2: Fly out, F7 (Flyball, 78M, EV 91.3 MPH)
|
| Top of the 4th over - 0 runs, 0 hits, 0 errors, 1 left on base; Clinton 0 - Quad Cities 2 |
| BOTTOM OF THE 4TH |
|
Quad Cities River Bandits batting - Pitching for Clinton LumberKings : RHP Kyle Ridgeway
|
|
Batting: RHB Joe Cook
|
0-0: Ball 1-0: Ball 2-0: Called Strike 2-1: Ball 3-1: Foul Ball, location: 2F 3-2: Foul Ball, location: 2F 3-2: Foul Ball, location: 2F 3-2: Base on Balls
|
|
Batting: RHB Colin Cranford
|
0-0: Ball 1-0: Ball 2-0: Called Strike 2-1: Foul Ball, location: 2F 2-2: Foul Ball, location: 2F 2-2: Fielders Choice at 2nd, 5-4 (Groundball, 56S, EV 86.9 MPH)
|
|
Batting: RHB Steve Moore
|
0-0: Ball Wild Pitch! Colin Cranford to second 1-0: Swinging Strike 1-1: Foul Ball, location: 2F 1-2: Ball 2-2: Foul Ball, location: 2F 2-2: Ball 3-2: Ground out 6-3 (Groundball, 6, EV 88.8 MPH) Colin Cranford to third
|
|
Batting: LHB Kelvin Jones
|
0-0: Called Strike 0-1: Ground out 6-3 (Groundball, 6, EV 106.3 MPH)
|
| Bottom of the 4th over - 0 runs, 0 hits, 0 errors, 1 left on base; Clinton 0 - Quad Cities 2 |
| TOP OF THE 5TH |
|
Clinton LumberKings batting - Pitching for Quad Cities River Bandits : RHP Manny Bonilla
|
|
Batting: SHB Jose Castillo
|
0-0: Ball 1-0: Ball 2-0: Swinging Strike 2-1: Called Strike 2-2: Ball 3-2: Strikes out swinging
|
|
Batting: RHB Josh O'Neal
|
0-0: Called Strike 0-1: Ground out 4-3 (Groundball, 4M, EV 80.6 MPH)
|
|
Batting: RHB Salvador Avina
|
0-0: Ball 1-0: Called Strike 1-1: Swinging Strike 1-2: Fly out, F5 (Popup, 5, EV 75.0 MPH)
|
| Top of the 5th over - 0 runs, 0 hits, 0 errors, 0 left on base; Clinton 0 - Quad Cities 2 |
| BOTTOM OF THE 5TH |
|
Quad Cities River Bandits batting - Pitching for Clinton LumberKings : RHP Kyle Ridgeway
|
|
Batting: LHB Doug Anderson
|
0-0: Ball 1-0: Called Strike 1-1: Ball 2-1: Swinging Strike 2-2: Foul Ball, location: 2F 2-2: Foul Ball, location: 2F 2-2: Fly out, F8 (Flyball, 8LXD, EV 93.8 MPH)
|
|
Batting: SHB Troy Kenyon
|
0-0: Called Strike 0-1: Swinging Strike 0-2: Foul Ball, location: 2F 0-2: Ball 1-2: SINGLE (Groundball, 6MD, EV 96.3 MPH) (infield hit)
|
|
Batting: LHB Angelo Vasquez
|
0-0: SINGLE (Line Drive, 78S, EV 88.1 MPH) Troy Kenyon to second
|
|
Batting: RHB Pete Isley
|
0-0: Ball 1-0: Ball 2-0: Ball 3-0: Called Strike 3-1: Base on Balls Troy Kenyon to third Angelo Vasquez to second
|
|
Pitching: RHP Mike Bator
|
|
|
Batting: SHB Paskar Adegoke
|
0-0: Called Strike 0-1: Ball 1-1: Grounds into double play, 6-4-3 (Groundball, 6, EV 83.1 MPH)
|
| Bottom of the 5th over - 0 runs, 2 hits, 0 errors, 2 left on base; Clinton 0 - Quad Cities 2 |
| TOP OF THE 6TH |
|
Clinton LumberKings batting - Pitching for Quad Cities River Bandits : RHP Manny Bonilla
|
|
Batting: LHB Brian Butler
|
0-0: Hit by Pitch
|
|
Batting: RHB Kikuo Sato
|
0-0: Ball 1-0: Ball Brian Butler steals 2nd base 2-0: Called Strike 2-1: Foul Ball, location: 2F 2-2: Strikes out swinging
|
|
Batting: RHB Rick Ellis
|
0-0: Foul Ball, location: 2F 0-1: Ball 1-1: Ball 2-1: Ball 3-1: Called Strike 3-2: Foul Ball, location: 2F 3-2: Base on Balls
|
|
Batting: RHB Josh Ruhl
|
0-0: Foul Ball, location: 2F 0-1: Ball 1-1: Foul Ball, location: 2F 1-2: Foul Ball, location: 2F 1-2: Strikes out looking
|
|
Batting: LHB Jason Hopkins
|
0-0: SINGLE (Groundball, 34D, EV 95.6 MPH) Brian Butler to third Rick Ellis to second Runner from 3rd tries for Home, SAFE, throw by RF to home
|
|
Batting: RHB Joe Stading
|
0-0: Ball 1-0: Ball Wild Pitch! Rick Ellis to third Jason Hopkins to second 2-0: Foul Ball, location: 2F 2-1: Ground out 5-3 (Groundball, 56S, EV 86.3 MPH)
|
| Top of the 6th over - 1 run, 1 hit, 0 errors, 2 left on base; Clinton 1 - Quad Cities 2 |
| BOTTOM OF THE 6TH |
|
Quad Cities River Bandits batting - Pitching for Clinton LumberKings : RHP Mike Bator
|
|
Batting: RHB Joe Cook
|
0-0: Called Strike 0-1: Ground out U3 (Groundball, 34, EV 88.1 MPH)
|
|
Batting: RHB Colin Cranford
|
0-0: Called Strike 0-1: Ball 1-1: Ball 2-1: Ball 3-1: Foul Ball, location: 2F 3-2: Foul Ball, location: 2F 3-2: Base on Balls
|
|
Batting: RHB Steve Moore
|
0-0: Ball 1-0: Called Strike Colin Cranford is caught stealing 2nd base 2-4 1-1: Ball 2-1: Foul Ball, location: 2F 2-2: Strikes out swinging, 2-3 out at first.
|
| Bottom of the 6th over - 0 runs, 0 hits, 0 errors, 0 left on base; Clinton 1 - Quad Cities 2 |
| TOP OF THE 7TH |
|
Clinton LumberKings batting - Pitching for Quad Cities River Bandits : RHP Manny Bonilla
|
|
Pitching: RHP Justin Coney
|
|
|
Batting: SHB Jose Castillo
|
0-0: Ball 1-0: Ball 2-0: Ball 3-0: Base on Balls
|
|
Batting: RHB Josh O'Neal
|
0-0: Ball 1-0: Sac Bunt to 25 - play at first, batter OUT! 5-4 Jose Castillo to second
|
|
Batting: RHB Salvador Avina
|
0-0: Fly out, F7 (Line Drive, 7, EV 100.0 MPH)
|
|
Batting: LHB Brian Butler
|
0-0: Swinging Strike 0-1: Ball 1-1: Ball 2-1: Called Strike 2-2: Ground out U3 (Groundball, 3, EV 80.6 MPH)
|
| Top of the 7th over - 0 runs, 0 hits, 0 errors, 1 left on base; Clinton 1 - Quad Cities 2 |
| BOTTOM OF THE 7TH |
|
Quad Cities River Bandits batting - Pitching for Clinton LumberKings : RHP Mike Bator
|
|
Pitching: LHP Rentaro Minami
|
|
|
Batting: LHB Kelvin Jones
|
0-0: Foul Ball, location: 2F 0-1: Ball 1-1: Ground out 6-3 (Groundball, 6, EV 103.1 MPH)
|
|
Batting: LHB Doug Anderson
|
0-0: Called Strike 0-1: Ball 1-1: Foul Ball, location: 2F 1-2: SINGLE (Line Drive, 9S, EV 93.8 MPH)
|
|
Batting: SHB Troy Kenyon
|
0-0: Called Strike 0-1: Ball 1-1: Foul Ball, location: 2F 1-2: 2-RUN HOME RUN (Flyball, 89XD, EV 103.8 MPH), Distance : 404 ft
|
|
Batting: LHB Angelo Vasquez
|
0-0: Ball 1-0: Ground out 4-3 (Groundball, 4S, EV 85.0 MPH)
|
|
Batting: RHB Pete Isley
|
0-0: Ball 1-0: Ball 2-0: Foul Ball, location: 2F 2-1: Foul Ball, location: 2F 2-2: Ball 3-2: Base on Balls
|
|
Batting: SHB Paskar Adegoke
|
0-0: Called Strike 0-1: Fielders Choice at 2nd, 5-4 (Groundball, 56, EV 81.3 MPH)
|
| Bottom of the 7th over - 2 runs, 2 hits, 0 errors, 1 left on base; Clinton 1 - Quad Cities 4 |
| TOP OF THE 8TH |
|
Clinton LumberKings batting - Pitching for Quad Cities River Bandits : RHP Justin Coney
|
|
Batting: RHB Kikuo Sato
|
0-0: TRIPLE (Flyball, 78XD, EV 112.5 MPH)
|
|
Batting: RHB Rick Ellis
|
0-0: Called Strike 0-1: Ball 1-1: Foul Ball, location: 2F 1-2: SINGLE (Groundball, 6MD, EV 105.6 MPH) Kikuo Sato scores
|
|
Batting: RHB Josh Ruhl
|
0-0: Ball 1-0: Reached on error, E5 (Groundball, 56, EV 104.4 MPH) Rick Ellis to second
|
|
Batting: LHB Jason Hopkins
|
0-0: Called Strike 0-1: Foul Ball, location: 2F 0-2: Fly out, F5 (Flyball, 5D, EV 83.8 MPH)
|
|
Batting: RHB Joe Stading
|
0-0: Ball 1-0: Foul Ball, location: 2F 1-1: Foul Ball, location: 2F 1-2: Ball 2-2: SINGLE (Groundball, 56D, EV 110.6 MPH) Rick Ellis to third Josh Ruhl to second Runner from 3rd tries for Home, SAFE, throw by LF to home
|
|
Batting: SHB Jose Castillo
|
0-0: SINGLE (Flyball, 56D, EV 83.8 MPH) Josh Ruhl to third Joe Stading to second
|
|
Batting: RHB Josh O'Neal
|
0-0: Ball 1-0: Called Strike 1-1: Foul Ball, location: 2F 1-2: SINGLE (Groundball, 34, EV 96.9 MPH) (infield hit) Josh Ruhl scores Joe Stading to third Jose Castillo to second
|
|
Batting: RHB Salvador Avina
|
0-0: Foul Ball, location: 2F 0-1: Ball 1-1: Ball 2-1: SINGLE (Groundball, 4MD, EV 108.1 MPH) Joe Stading scores Jose Castillo to third Josh O'Neal to second Runner from 3rd tries for Home, throw by CF and OUT! 8-2
|
|
Pitching: RHP Ray Leuthauser
|
|
|
Batting: LHB Brian Butler
|
0-0: Called Strike 0-1: Ball 1-1: Ground out 1-3 (Groundball, 13, EV 68.8 MPH)
|
| Top of the 8th over - 4 runs, 6 hits, 1 error, 2 left on base; Clinton 5 - Quad Cities 4 |
| BOTTOM OF THE 8TH |
|
Quad Cities River Bandits batting - Pitching for Clinton LumberKings : LHP Rentaro Minami
|
|
Pitching: RHP Adam Fair
|
|
|
Batting: RHB Joe Cook
|
0-0: Fly out, F4 (Popup, 34, EV 66.9 MPH)
|
|
Batting: RHB Colin Cranford
|
0-0: Called Strike 0-1: DOUBLE (Line Drive, 7LS, EV 103.8 MPH)
|
|
Pinch Hitting: LHB Dylan LaRose
|
0-0: Fly out, F9 (Flyball, 9LS, EV 93.8 MPH)
|
|
Batting: LHB Kelvin Jones
|
0-0: SINGLE (Groundball, 34S, EV 65.0 MPH) (infield hit) Colin Cranford to third
|
|
Batting: LHB Doug Anderson
|
0-0: Ball 1-0: Ball 2-0: Ball 3-0: Base on Balls Kelvin Jones to second
|
|
Batting: SHB Troy Kenyon
|
0-0: Foul Ball, location: 2F 0-1: Ball 1-1: Ball 2-1: Ball 3-1: Base on Balls Colin Cranford scores Kelvin Jones to third Doug Anderson to second
|
|
Batting: LHB Angelo Vasquez
|
0-0: Ball 1-0: Ball 2-0: Called Strike 2-1: Ball 3-1: Foul Ball, location: 2F 3-2: Base on Balls Kelvin Jones scores Doug Anderson to third Troy Kenyon to second
|
|
Batting: RHB Pete Isley
|
0-0: Ball 1-0: Ball 2-0: Fly out, F9 (Flyball, 9LS, EV 86.3 MPH)
|
| Bottom of the 8th over - 2 runs, 2 hits, 0 errors, 3 left on base; Clinton 5 - Quad Cities 6 |
| TOP OF THE 9TH |
|
Clinton LumberKings batting - Pitching for Quad Cities River Bandits : RHP Ray Leuthauser
|
|
Pitching: RHP Tim Watson
|
|
|
Now at 1B: Jamie Jennings
|
|
|
Now at SS: Dylan LaRose
|
|
|
Pinch Hitting: LHB William Warren
|
0-0: Called Strike 0-1: Ball 1-1: Reached on error, E6 (Groundball, 6M, EV 81.9 MPH)
|
|
Batting: RHB Rick Ellis
|
0-0: Foul Ball, location: 2F 0-1: SINGLE (Line Drive, 4MD, EV 96.9 MPH) William Warren to third
|
|
Batting: RHB Josh Ruhl
|
0-0: Ball 1-0: Ball 2-0: Ball 3-0: Called Strike 3-1: Called Strike 3-2: Base on Balls Rick Ellis to second
|
|
Batting: LHB Jason Hopkins
|
0-0: Ball 1-0: Fly out, F9 (Flyball, 89XD, EV 105.6 MPH) Runner from 3rd tags up, SCORES, no throw by RF Rick Ellis to third
|
|
Batting: RHB Joe Stading
|
0-0: Ball Josh Ruhl steals 2nd base (no throw) 1-0: Called Strike 1-1: Swinging Strike 1-2: Ball 2-2: SINGLE (Groundball, 4D, EV 100.6 MPH) Rick Ellis scores Josh Ruhl to third Runner from 3rd tries for Home, throw by RF and OUT! 9-2
|
|
Batting: SHB Jose Castillo
|
0-0: Called Strike 0-1: Ball Wild Pitch! Joe Stading to second 1-1: Ground out 4-3 (Groundball, 4, EV 108.8 MPH)
|
| Top of the 9th over - 2 runs, 2 hits, 1 error, 1 left on base; Clinton 7 - Quad Cities 6 |
| BOTTOM OF THE 9TH |
|
Quad Cities River Bandits batting - Pitching for Clinton LumberKings : RHP Adam Fair
|
|
Pitching: RHP David Lane
|
|
|
Now at 1B: Brian Butler
|
|
|
Now at SS: Victor Rijos
|
|
|
Now in LF: Josh Mauer
|
|
|
Now in CF: Jose Castillo
|
|
|
Now in RF: Joe Stading
|
|
|
Batting: SHB Paskar Adegoke
|
0-0: Foul Ball, location: 2F 0-1: Ball 1-1: Ball 2-1: Swinging Strike 2-2: Strikes out swinging
|
|
Batting: RHB Joe Cook
|
0-0: Ball 1-0: Foul Ball, location: 2F 1-1: SINGLE (Groundball, 5S, EV 68.8 MPH) (infield hit)
|
|
Batting: RHB Colin Cranford
|
0-0: Ball 1-0: Ball 2-0: Ball 3-0: Base on Balls Joe Cook to second
|
|
Batting: LHB Dylan LaRose
|
0-0: Called Strike 0-1: Fly out, F9 (Flyball, 9S, EV 79.4 MPH)
|
|
Batting: LHB Kelvin Jones
|
0-0: Ball 1-0: Ball 2-0: Called Strike 2-1: Ball 3-1: Foul Ball, location: 2F 3-2: Base on Balls Joe Cook to third Colin Cranford to second
|
|
Batting: LHB Doug Anderson
|
0-0: Called Strike 0-1: Swinging Strike 0-2: Strikes out swinging
|
| Bottom of the 9th over - 0 runs, 1 hit, 0 errors, 3 left on base; Clinton 7 - Quad Cities 6 |
|